 Dungeon Crawl Stone Soup version 0.26.0-10-g1f06aea511 (webtiles) character file.

Game seed: 10648184072930420437

57 mopl the Vexing (level 3, 1/24 HPs)
             Began as a Demonspawn Enchanter on Jan 21, 2021.
             Quit the game on level 1 of the Dungeon.
             The game lasted 00:01:54 (1436 turns).

mopl the Vexing (Demonspawn Enchanter)              Turns: 1436, Time: 00:01:55

Health: 1/24       AC:  2    Str:  8    XL:     3   Next: 73%
Magic:  1/6        EV: 12    Int: 17    God:
Gold:   25         SH:  0    Dex: 13    Spells: 0/6 levels left

rFire    . . .     SeeInvis .   a - +1 dagger
rCold    . . .     Faith    .   (no shield)
rNeg     . . .     Spirit   +   b - +0 robe
rPois    .         Reflect  .   (no helmet)
rElec    .         Harm     .   (no cloak)
rCorr    .         Rampage  .   (no gloves)
Will     .....                  (no boots)
Stlth    ++........             (no amulet)
HPRegen  0.08/turn              (no ring)
MPRegen  0.10/turn              (no ring)

@: lethally poisoned (1 -> -7)
A: hooves 1, magic shield
a: no special abilities


You were on level 1 of the Dungeon.
You visited 1 branch of the dungeon, and saw 2 of its levels.

You collected 25 gold pieces.

Inventory:

Hand Weapons
 a - a +1 dagger (weapon)
Missiles
 e - 6 stones
Armour
 b - a +0 robe (worn)
Scrolls
 c - 2 scrolls of teleportation {unknown}
 d - a scroll of identify {unknown}
 f - a scroll of magic mapping {unknown}
 g - 2 scrolls of remove curse {unknown}


   Skills:
 + Level 1.5 Short Blades
 - Level 1.7 Dodging
 * Level 3.4 Stealth
 + Level 2.2 Spellcasting
 * Level 3.5 Hexes
 + Level 0.6 Ice Magic


You couldn't memorise any spells.
You knew the following spells:

 Your Spells              Type           Power        Failure   Level
a - Corona                Hex            15%          4%          1
b - Ensorcelled Hibernat  Hex/Ice        18%          12%         2
d - Tukima's Dance        Hex            14%          13%         3

Your spell library contained the following spells:

 Spells                   Type           Power        Failure   Level
 Confusing Touch          Hex            14%          13%         3
 Dazzling Flash           Conj/Hex       14%          26%         3


Dungeon Overview and Level Annotations

Branches:
Dungeon (2/15)

Altars:


Innate Abilities, Weirdness & Mutations

You have large cloven feet.
When hurt, damage is shared between your health and your magic reserves.


Message History

You feel sick. The worker ant bites you.
* * * LOW HITPOINT WARNING * * *
You are lethally poisoned!
The worker ant poisons you!
* * * LOW HITPOINT WARNING * * *
You feel sick.
* * * LOW HITPOINT WARNING * * *
You feel sick.
* * * LOW HITPOINT WARNING * * *
You feel sick.
The worker ant waves its antennae.
* * * LOW HITPOINT WARNING * * *
You feel sick. The worker ant closely misses you.
* * * LOW HITPOINT WARNING * * *
You feel sick.
* * * LOW HITPOINT WARNING * * *
You feel sick.
Are you sure you want to abandon this character and quit the game? (Confirm with "yes".)

.# ############# ###.#.# .###
##...#.# ...# ##..###.# ...####
#..## #.# ##.>..# #.## #.#
#.##.# ##.# #.### #.##.## ##..#
##.... #.##..########### #..##
##..... #.###.........B@####.##
#†††)..
#..############.......####......
##..###### #####............. #
##.)....##### ##.######...... #
######.##..## #..# ##...... #
#..#...# #.## #....... #
##...#.####.######.##.... #
#######..##..........##.#####.
####.....#......##..###.##.# ##


You could see a worker ant.

Vanquished Creatures
  2 adders (D:2)
  An ooze (D:1)
  A worm (D:2)
  4 dart slugs (D:1)
  4 bats (D:1)
  A giant cockroach (D:1)
  2 goblins (D:1)
  3 hobgoblins (D:1)
  5 kobolds (D:1)
  2 rats (D:1)
25 creatures vanquished.

Notes
Turn   | Place    | Note
-------+----------+-------------------------------------------
     0 | D:1      | mopl the Demonspawn Enchanter began the quest for the Orb.
     0 | D:1      | Reached XP level 1. HP: 13/13 MP: 3/3
    54 | D:1      | Reached skill level 1 in Short Blades
    99 | D:1      | Gained mutation: You have large cloven feet. [demonic
                  | ancestry]
    99 | D:1      | Reached XP level 2. HP: 7/19 MP: 3/5
   194 | D:1      | Learned a level 2 spell: Ensorcelled Hibernation
   332 | D:1      | Reached skill level 3 in Stealth
   631 | D:1      | Gained mutation: When hurt, damage is shared between your
                  | health and your magic reserves. [demonic ancestry]
   631 | D:1      | Reached XP level 3. HP: 16/24 MP: 6/6
   635 | D:1      | Learned a level 3 spell: Tukima's Dance
  1434 | D:1      | HP: 1/24 [poisoned by a worker ant]
  1436 | D:1      | Quit the game

Illustrated notes

Levels and vault maps discovered:
D:1:      lightli_arrival_maybe_door_vault, layout_rooms
D:2:      layout_basic, st_stairs_3, chequers_avenue

Skill      XL: |  1  2 |
---------------+-------+-----
Short Blades   | 1 |  1.5
Stealth        | 3 |  3.4
Dodging        | |  1.7
Spellcasting   | |  2.2
Hexes          | |  3.5
Ice Magic      | |  0.6

Action                   || total
-------------------------++-------
Melee: Dagger            ||    91
       Kick              ||    13
 Cast: Corona            ||     1
       Ensorcelled Hiber ||    10
 Stab: Sleeping          ||     4
Armor: Robe              ||    20
Dodge: Dodged            ||    72
